 Dungeon Crawl Stone Soup version 0.26-a0-639-g72c4674329 (webtiles) character file.

Game seed: 12992322248627374899

60 MrRokkomies the Sneak (level 3, 0/31 HPs)
             Began as a Demigod Delver on Sept 16, 2020.
             Slain by a hornet (9 damage)
             ... on level 8 of the Dungeon.
             The game lasted 00:02:36 (633 turns).

MrRokkomies the Sneak (Demigod Delver)               Turns: 633, Time: 00:02:39

Health: 0/31       AC:  8    Str: 17    XL:     3   Next: 55%
Magic:  14/14      EV:  7    Int: 14    God:
Gold:   19         SH:  0    Dex: 17    Spells: 2/2 levels left

rFire    . . .     SeeInvis .   a - +0 falchion
rCold    . . .     Faith    .   (no shield)
rNeg     . . .     Spirit   .   l - +0 chain mail
rPois    .         Reflect  .   (no helmet)
rElec    .         Harm     .   (no cloak)
rCorr    +         Rampage  .   (no gloves)
MR       .....                  (no boots)
Stlth    ..........             (no amulet)
HPRegen  0.10/turn              h - ring of magical power
MPRegen  0.14/turn              i - ring of resist corrosion

@: lethally poisoned (0 -> -9), slowed, very slow
A: high mp 1
a: no special abilities


You were on level 8 of the Dungeon.
You visited 1 branch of the dungeon, and saw 2 of its levels.

You collected 19 gold pieces.

Inventory:

Hand Weapons
 a - a +0 falchion (weapon)
Armour
 b - a +0 leather armour
 l - a +0 chain mail (worn)
Jewellery
 h - a ring of magical power (left hand)
 i - a ring of resist corrosion (right hand)
Wands
 g - a wand of digging (3)
Scrolls
 c - a scroll of fog
 d - a scroll of magic mapping
Potions
 f - a potion of haste
 k - a potion of stabbing {unknown}


   Skills:
 * Level 3.5 Fighting
 * Level 2.6 Long Blades
 + Level 1.1 Armour
 - Level 1.7 Dodging
 - Level 4.5 Stealth


You had 2 spell levels left.
You didn't know any spells.
Your spell library was empty.

Dungeon Overview and Level Annotations

Branches:
Dungeon (5/15)             Temple (0/1) D:5

Shops:
D:5 [


Innate Abilities, Weirdness & Mutations

You have an increased reservoir of magic. (+10% MP)


Message History

The worker ant bites you.
You hit the worker ant.
The worker ant is almost dead.
The worker ant bites you but does no damage. x2
You hit the worker ant.
You kill the worker ant!
Your Armour skill increases to level 1!
You see here a worker ant corpse.
An adder comes into view.
The adder hisses angrily.
You hear an angry hiss.
A water moccasin comes into view.
A quokka comes into view.
A hornet comes into view.
Found a shiny gold wand.
As you read the scroll labeled UNWAACV BUFUEST, it crumbles to dust.
Your body is wracked with pain!
The hornet convulses!
The quokka convulses!
The adder convulses!
It was a scroll of torment.
The hornet stings you!
* * * LOW HITPOINT WARNING * * *
You are lethally poisoned!
You feel yourself slow down. The hornet stings you!
You die...

##....#8....#........#
.....###...##........#
#######....##..#...#.#
##...##...)#####.#...#
##................##+...
##................# ..
##..###..#######rS###..#
##..###..#######y#...#.#
##..#..)........@.......
##..#.................#.
##..##...##..##...#####
##..##...##..##...#
..............#./..
..............#.....
###.####............
###.############....#
.#.....#


You could see a hornet, an adder and a quokka.

Vanquished Creatures
  An orc priest (D:8)
  A worker ant (D:8)
  3 orcs (D:8)
5 creatures vanquished.

Notes
Turn   | Place    | Note
-------+----------+-------------------------------------------
     0 | D:5      | MrRokkomies the Demigod Delver began the quest for the Orb.
     0 | D:5      | Reached XP level 1. HP: 18/18 MP: 3/3
    93 | D:5      | Noticed an iguana
   111 | D:5      | Noticed a scorpion
   127 | D:5      | Noticed an iguana
   133 | D:5      | Found Jylaut's Armour Emporium.
   158 | D:5      | Found a staircase to the Ecumenical Temple.
   158 | D:5      | You fall into a shaft and drop 3 floors!
   224 | D:8      | Noticed a jelly
   401 | D:8      | Noticed an orc warrior
   402 | D:8      | Noticed an orc priest
   424 | D:8      | Killed an orc priest
   424 | D:8      | Reached XP level 2. HP: 20/26 MP: 4/4
   440 | D:8      | Reached XP level 3. HP: 14/31 MP: 5/5
   604 | D:8      | Reached skill level 1 in Armour
   619 | D:8      | Noticed a water moccasin
   624 | D:8      | Noticed a hornet
   633 | D:8      | Slain by a hornet

Illustrated notes

Levels and vault maps discovered:
D:5:      layout_gridville, eat_drink_and_be_merry_uskayaw,
          lemuel_temple_firewalk_b, serial_shops, shop, uniq_edmund
D:8:      layout_gridville, gammafunk_temple_overflow_pools,
          chequers_hall_statues_wall_a, minmay_misc_feat_secret_circle,
          minmay_fractal_squares_diagonal_5, uniq_erica, uniq_joseph

Skill      XL: |  1  2  3 |
---------------+----------+-----
Fighting       | 3 |  3.5
Long Blades    | 2 |  2.6
Armour         | 1 |  1.1
Dodging        | |  1.7
Stealth        | |  4.5

Action                   || total
-------------------------++-------
Melee: Falchion          ||    23
  Use: Scroll            ||     2
Armor: Chain mail        ||     9
Dodge: Dodged            ||    10
       Rpst.: Falchion   ||     6

Table legend: (Time is in decaauts)
 A = Elapsed time spent in this place.
 B = Non-inter-level travel time spent in this place.
 C = Inter-level travel time spent in this place.
 D = Time resting spent in this place.
 E = Time spent auto-exploring this place.
 F = Levels seen in this place.
 G = Mean time per level.
                   A        B        C        D        E       F      G
               +--------+--------+--------+--------+--------+-----+--------+
         Total |    636 |    636 |      0 |    134 |    186 |   2 |  318.0 |
       Dungeon |    636 |    636 |      0 |    134 |    186 |   2 |  318.0 |
               +--------+--------+--------+--------+--------+-----+--------+

Top non-repeatable levels by time:
     D:8: 479 daAuts
     D:5: 157 daAuts
